[Event "*** SCC Grand Prix: Titled Tuesday Blitz"]
[Site "Chess.com"]
[Date "2020.10.13"]
[Round "8"]
[White "pavelalexandru07"]
[Black "RoelandPruijssers"]
[Result "1-0"]
[WhiteElo "2271"]
[BlackElo "2474"]
[TimeControl "180+1"]
[EndTime "11:34:28 PDT"]
[Termination "pavelalexandru07 won on time"]

1. e4 Nf6 2. e5 Nd5 3. d4 d6 4. Nf3 dxe5 5. Nxe5 g6 6. Be2 Bg7 7. O-O O-O 8. c4 Nb4 9. a3 N4c6 10. Nxc6 Nxc6 11.
d5 Nd4 12. Bd3 e6 13. dxe6 Bxe6 14. Nc3 Nb3 15. Rb1 Nc5 16. Be2 Bf5 17. Ra1 Qxd1 18. Rxd1 Nb3 19. Ra2 Rad8 20. Be3 a6 21. Nd5 Bc2 22. Re1 c6 23. Nb4 Bf5 24. f3 a5 25.
Bd1 Nd4 26. g4 Be6 27. Nc2 Bxc4 28. Ra1 Rfe8 29. Kf2 Nb3 30. Rb1 b5 31. a4 b4 32.
Be2 Bxe2 33. Rxe2 Rd3 34. Bf4 Rxe2+ 35. Kxe2 Rd5 36. Re1 Bxb2 37. Kf2 Kg7 38. Rb1 Bd4+ 39. Kg2 Nc5 40. Nxd4 Nd3 41. Be3 c5 42. Nb5 c4 43.
Nc7 Rd7 44. Nb5 c3 45. Bd4+ Kg8 46. Bxc3 bxc3 47. Nxc3 f6 48. Ne4 Nf4+ 49. Kg3 Nd5 50. Rd1 Kf7 51. g5 1-0

[Event "*** SCC Grand Prix: Titled Tuesday Blitz"]
[Site "Chess.com"]
[Date "2020.10.13"]
[Round "8"]
[White "Region_07"]
[Black "chiwii"]
[Result "1-0"]
[WhiteElo "2325"]
[BlackElo "2201"]
[TimeControl "180+1"]
[EndTime "11:34:28 PDT"]
[Termination "Region_07 won by resignation"]

1. e4 c5 2. Nf3 e6 3. c3 Nc6 4. e5 d5 5. g3 f6 6. exf6 Nxf6 7.
Bg2 Bd6 8. O-O O-O 9. d4 Ne4 10.
Nbd2 Nxd2 11. Bxd2 Qf6 12. Be3 cxd4 13. cxd4 Bd7 14.
Qd2 Rac8 15. a3 b6 16. b4 Kh8 17. Rae1 a5 18. b5 Nd8 19. Qb2 Nf7 20. Bd2 Rc4 21. Ne5 Bxe5 22. dxe5 Qf5 23. Be3 Rc2 24. Qb1 Nxe5 25.
Bxb6 Nc4 26. Bd4 Nd2 27. Qa1 Qf7 28. a4 Nxf1 29. Rxf1 e5 30. Bxe5 Rxf2 31. Rxf2 Qxf2+ 32. Kh1 Qf7 33. h3 h6 34. Qd4 Kh7 35. Kh2 Be6 36.
Qd3+ Qf5 37. Qd4 g6 38. Bg7 Rf7 39. Be5 h5 40. b6 Rb7 41. Bc7 g5 42. Qc5 Qf7 43.
Qc6 Bc8 44. Bxd5 Qf2+ 45. Bg2 Qf7 46. Qe4+ Qf5 47. Qxf5+ Bxf5 48. Bxb7 Bc2 49. Bc6 Be4 50. b7 Bxc6 51. b8=Q Bxa4 52. Qd8 Bb5 53. Bxa5 Kg6 54. h4 gxh4 55. gxh4 Kf5 56. Qg5+ Ke4 57. Qxb5 Ke3 58.
Qxh5 Kf4 59. Qg5+ 1-0

[Event "*** SCC Grand Prix: Titled Tuesday Blitz"]
[Site "Chess.com"]
[Date "2020.10.13"]
[Round "8"]
[White "frederiksvane"]
[Black "Alexander_Zubov"]
[Result "0-1"]
[WhiteElo "2687"]
[BlackElo "2916"]
[TimeControl "180+1"]
[EndTime "11:34:29 PDT"]
[Termination "Alexander_Zubov won by checkmate"]

1. e4 c5 2. Nf3 e6 3. d4 cxd4 4. Nxd4 a6 5. Nc3 b5 6. Bd3 Qb6 7. Nf3 Qc7 8. O-O Bb7 9. e5 Ne7 10. Bf4 Ng6 11. Bg3 Nc6 12. Qe2 Rc8 13. a3 Na5 14.
Be4 Nc4 15. Bxb7 Qxb7 16. a4 b4 17. Ne4 Nxb2 18. a5 Nc4 19. Rfb1 Qb5 20. Nd4 Qd5 21. Rd1 Qb7 22. Qf3 Qc7 23. Ng5 Ncxe5 24. Qe2 Be7 25. Ngf3 Nxf3+ 26. Qxf3 Qc4 27. Nb3 d5 28.
Rd4 Qb5 29. h4 Bf6 30. h5 Ne5 31. Bxe5 Bxe5 32. Qe3 Bxd4 33. Nxd4 Qc5 34. Qe5 O-O 35. h6 gxh6 36. Re1 Rce8 37. Re3 f6 38. Rg3+ Kh8 39.
Qf4 Qe7 40. Qxh6 Rg8 41. Nc6 Qf7 42. Rf3 Rg6 43. Qh3 Reg8 44. g3 Qg7 45. Nd4 f5 46. Qh4 Qf6 47. Qf4 Rg4 48. Qe3 Re4 49. Rf4 Rxe3 50. fxe3 Rxg3+ 51. Kf2 Qg6 52. Nf3 Rg2+ 53. Kf1 Qg3 54. Ne1 Rg1+ 55. Ke2 Rxe1+ 56. Kd3 Qxe3# 0-1

[Event "*** SCC Grand Prix: Titled Tuesday Blitz"]
[Site "Chess.com"]
[Date "2020.10.13"]
[Round "8"]
[White "Tayson_7"]
[Black "nrvisakh"]
[Result "1-0"]
[WhiteElo "2623"]
[BlackElo "2789"]
[TimeControl "180+1"]
[EndTime "11:34:30 PDT"]
[Termination "Tayson_7 won by resignation"]

1. e4 c5 2. Nf3 Nc6 3. d4 cxd4 4. Nxd4 Nf6 5. Nc3 e5 6. Ndb5 d6 7. Bg5 a6 8. Na3 b5 9. Nd5 Be7 10. Bxf6 Bxf6 11. c3 O-O 12. h4 g6 13. g3 Bg7 14.
Bg2 Be6 15. Nc2 Rb8 16. b4 Qd7 17. O-O f5 18. exf5 gxf5 19. a4 e4 20. axb5 axb5 21. Ra6 Kh8 22. Nce3 Rfd8 23. Qh5 Ne5 24. Nf4 Bc4 25. Bh3 Qe8 26. Nxc4 Nxc4 27. Qxf5 e3 28. Ne6 Qe7 29. Nxd8 Rxd8 30. fxe3 Nxe3 31. Qf7 Qe5 32. Rf3 Qxc3 33. Rxd6 Qe1+ 34. Bf1 Rg8 35. Re6 Bd4 36. Kh1 Qd1 37. Re7 Bg7 38. Rexe3 Rf8 39. Qxf8+ Bxf8 40. Rxf8+ Kg7 41. Rf4 Qd6 42. Kg2 h5 43. Ref3 Qd5 44. Bd3 Qc6 45. Rf5 Qe6 46. Rxh5 Qa2+ 47. Kh3 Qa1 48.
Rg5+ Kh6 49. Rg6+ Kh7 50. Ra6+ 1-0

[Event "*** SCC Grand Prix: Titled Tuesday Blitz"]
[Site "Chess.com"]
[Date "2020.10.13"]
[Round "8"]
[White "CzechmVIII"]
[Black "PowerThinking2650"]
[Result "0-1"]
[WhiteElo "2178"]
[BlackElo "2373"]
[TimeControl "180+1"]
[EndTime "11:34:30 PDT"]
[Termination "PowerThinking2650 won by checkmate"]

1. e4 e5 2. Nf3 Nc6 3. Bb5 a6 4. Ba4 Nf6 5. O-O Be7 6. Re1 b5 7. Bb3 d6 8. c3 O-O 9. h3 Bb7 10. d4 Re8 11. Ng5 Rf8 12. Nf3 h6 13. Nbd2 Re8 14.
a3 Bf8 15. Ba2 Nb8 16. b4 Nbd7 17. Qb3 Qe7 18. dxe5 dxe5 19. c4 c5 20. cxb5 axb5 21. bxc5 Nxc5 22. Qxb5 Ba6 23. Qb1 Rab8 24. Qc2 Nd3 25.
Re3 Rec8 26. Qd1 Qa7 27. Nc4 Nxc1 28. Rxc1 Bc5 29. Nfxe5 Bxe3 30. Nxe3 Nxe4 31. Bxf7+ Kh8 32. Rxc8+ Rxc8 33. Bg6 Qc5 34. Nf7+ Kg8 35. Qb3 Bc4 36. Nxc4 Qxc4 37. Qxc4 Rxc4 38. Ne5 Rc1+ 39. Kh2 Nxf2 40. a4 Ra1 41. Be8 Ne4 42. Bb5 Nc3 43. Nc6 Nxb5 44. axb5 Rb1 45. Nd4 Rb4 46. Ne6 Rxb5 47. Nf4 Rb4 48.
Ne2 Kf7 49. g4 Rb2 50. Kg3 Rxe2 51. Kf4 Ra2 52. h4 Ra4+ 53. Kf5 Ra3 54. Kf4 g6 55. h5 Ra4+ 56. Ke5 gxh5 57. gxh5 Ra5+ 58. Kf4 Rxh5 59.
Kg4 Rg5+ 60. Kh4 Kg6 61. Kh3 Kf5 62. Kh4 Kf4 63. Kh3 Rg4 64. Kh2 Kf3 65. Kh3 Rf4 66. Kh2 Kf2 67. Kh3 Re4 68. Kh2 Rh4# 0-1

[Event "*** SCC Grand Prix: Titled Tuesday Blitz"]
[Site "Chess.com"]
[Date "2020.10.13"]
[Round "8"]
[White "barriochess"]
[Black "anasta10"]
[Result "1-0"]
[WhiteElo "2277"]
[BlackElo "2389"]
[TimeControl "180+1"]
[EndTime "11:34:32 PDT"]
[Termination "barriochess won by resignation"]

1. d4 Nf6 2. c4 g6 3. Nc3 d5 4.
cxd5 Nxd5 5. e4 Nxc3 6. bxc3 Bg7 7. Be3 O-O 8. Rc1 c5 9. Qd2 Qa5 10. Nf3 Rd8 11. d5 b6 12. c4 Qxd2+ 13. Nxd2 e6 14.
Be2 Ba6 15. O-O Nd7 16. f3 exd5 17. exd5 Re8 18. Kf2 Re7 19. Rfe1 Rae8 20. Nf1 f5 21. g3 Ne5 22. f4 Nf7 23. Bf3 Nd6 24. Nd2 Rxe3 25.
Rxe3 Bd4 26. Re1 Bxc4 27. Bd1 Bxd5 28. Nf3 Rxe3 29. Rxe3 Ne4+ 30. Ke2 Bc4+ 31. Rd3 Nc3+ 32. Kd2 Bxd3 33. Nxd4 cxd4 34. Bb3+ Kf8 35. Kxd3 Nb5 36. Kc4 a6 37. a4 Nd6+ 38. Kxd4 Ke7 39. Kd5 Kd7 40.
Ke5 Ke7 41. Kd5 b5 42. axb5 axb5 43. Kc5 Kd7 44. Bg8 h6 45. Bd5 g5 46. Bc6+ Ke6 47.
Bd5+ Kf6 48. Kxd6 gxf4 49. gxf4 b4 50. Kc5 Kg6 51. Kxb4 Kh5 52. Bf3+ Kh4 53. Kc4 Kh3 54. Kd4 Kxh2 55. Ke5 Kg3 56. Bd1 h5 57. Kxf5 h4 58. Ba4 h3 59. Bc6 h2 60. Kg5 Kh3 61. f5 1-0

[Event "*** SCC Grand Prix: Titled Tuesday Blitz"]
[Site "Chess.com"]
[Date "2020.10.13"]
[Round "8"]
[White "IwkooO"]
[Black "djano"]
[Result "1/2-1/2"]
[WhiteElo "2633"]
[BlackElo "2460"]
[TimeControl "180+1"]
[EndTime "11:34:35 PDT"]
[Termination "Game drawn by repetition"]

1. e4 g6 2. d4 Bg7 3. Nc3 a6 4. f4 b5 5. Nf3 Bb7 6. Bd3 d6 7. Qe2 Nd7 8. Be3 c5 9. dxc5 Nxc5 10. Bxc5 dxc5 11. e5 Nh6 12. Be4 Qb6 13. O-O-O O-O 14.
Rd7 Bxe4 15. Nxe4 Qe6 16. Nxc5 Qxa2 17. Nd2 Rfc8 18. Nce4 a5 19. Qxb5 Nf5 20. Qb3 Qa1+ 21. Nb1 Rab8 22. Qa3 Qxa3 23. Nxa3 Ne3 24. g3 e6 25. Re1 Nd5 26. Nd6 Rc7 27. Rxc7 Nxc7 28. b3 a4 29. bxa4 Ra8 30. Re4 f5 31. Rc4 Nd5 32.
Rc8+ Rxc8 33. Nxc8 Bf8 34. Nb5 Bb4 35. Kb2 Kf8 36.
Ncd6 Ke7 37. c3 Bc5 38. a5 Kd7 39. a6 Nb6 40. Kb3 Na8 41. Ne8 Kxe8 42. Kc4 Bg1 43. Kb4 Bf2 44. c4 Kd7 45. Nc3 Be1 46. Kb3 Bxc3 47.
Kxc3 Kc6 48. Kb4 Nb6 49. a7 Na8 50. Ka5 Kb7 51. Kb5 Kc7 52. Ka6 Kc6 53. Ka5 Kc5 54. Ka6 Kc6 55. Ka5 1/2-1/2

[Event "*** SCC Grand Prix: Titled Tuesday Blitz"]
[Site "Chess.com"]
[Date "2020.10.13"]
[Round "8"]
[White "sopo-tereladze"]
[Black "Triumphmate"]
[Result "0-1"]
[WhiteElo "2283"]
[BlackElo "2446"]
[TimeControl "180+1"]
[EndTime "11:34:35 PDT"]
[Termination "Triumphmate won by checkmate"]

1. d4 Nf6 2. Nf3 e6 3. Bf4 d5 4. e3 Be7 5. Bd3 O-O 6. O-O c5 7. c3 Nc6 8. Nbd2 b6 9. Ne5 Bb7 10. Qf3 Nxe5 11. dxe5 Nd7 12. Qh5 g6 13. Qh6 Re8 14. Nf3 Bf8 15. Qh3 Be7 16. Qg4 Qc7 17. h4 h5 18. Qg3 d4 19. Bxg6 Kh8 20. Bxf7 Rg8 21. Bxg8 Rxg8 22. Qh3 Qc6 23. Ng5 dxc3 24. bxc3 Nf8 25. f3 Ng6 26. Qxe6 Qxe6 27. Nxe6 Nxh4 28.
Rf2 Bxf3 29. Kh2 Bxg2 30. Bg3 Bd5 31. Raf1 Bxe6 32. Rf4 Ng6 33. Rf6 Bxf6 34. Rxf6 Bxa2 35. e6 Kh7 36. Kh3 Re8 37. Rf7+ Kh6 38. Rxa7 Rxe6 39. Kg2 Rxe3 40. Kf2 Rxc3 41. Rb7 h4 42. Bh2 Rb3 43. Rb8 Rb2+ 44. Kg1 Kg5 45. Bd6 Kg4 46. Re8 Nf4 47. Re4 Rb1+ 48. Kf2 Rb4 49. Rxb4 cxb4 50. Bxb4 Bc4 51.
Bd6 b5 52. Kg1 h3 53. Kh2 Ng6 54. Bb4 Nh4 55. Bc5 Nf3+ 56. Kh1 Bf1 57. Bb6 Bg2# 0-1

[Event "*** SCC Grand Prix: Titled Tuesday Blitz"]
[Site "Chess.com"]
[Date "2020.10.13"]
[Round "8"]
[White "bazar-wokzal"]
[Black "ShcufNaiRolf"]
[Result "1-0"]
[WhiteElo "2510"]
[BlackElo "2318"]
[TimeControl "180+1"]
[EndTime "11:34:38 PDT"]
[Termination "bazar-wokzal won by resignation"]

1. e4 e5 2. Bc4 Nf6 3. d3 c6 4. Nf3 Be7 5. O-O d6 6. Nc3 Nbd7 7. a4 h6 8. h3 Nf8 9. d4 Ng6 10. Be3 O-O 11. Qb1 Nxe4 12. Nxe4 d5 13. Nxe5 Nxe5 14.
dxe5 dxc4 15. c3 Qd5 16. f4 Rd8 17. Rd1 Qxd1+ 18. Qxd1 Rxd1+ 19. Rxd1 Bf5 20. Nf2 Rd8 21. Rxd8+ Bxd8 22. Bxa7 Bc2 23. g4 Bxa4 24. Ne4 Be7 25. Kf2 Kf8 26. Ke3 Ke8 27. Bc5 Bc2 28. Bxe7 Kxe7 29.
Nd6 b5 30. Kd4 g6 31. Kc5 Bd3 32. Kxc6 g5 33. f5 Bf1 34. Ne4 Bxh3 35. Nf2 Bg2+ 36.
Kxb5 Bf3 37. Kxc4 h5 38. gxh5 g4 39. Kd3 g3 40. Nh3 Bg4 41. Ng1 Bxf5+ 42. Ke3 Ke6 43. Kf4 Bc2 44. h6 f6 45. exf6 Kxf6 46. Kxg3 Kg6 47.
Kf4 Kxh6 48. Nf3 Kg7 49. Ke5 Kf8 50. Kd6 Kf7 51. Nd4 Bd1 52. b4 Ke8 53. Nc6 Be2 54.
Kc7 Bf1 55. Nd4 Ke7 56. b5 Kf6 57. b6 Bg2 58. Nc6 1-0

[Event "*** SCC Grand Prix: Titled Tuesday Blitz"]
[Site "Chess.com"]
[Date "2020.10.13"]
[Round "8"]
[White "vugarrasulov"]
[Black "SergeyKarjakin"]
[Result "0-1"]
[WhiteElo "2847"]
[BlackElo "2915"]
[TimeControl "180+1"]
[EndTime "11:34:39 PDT"]
[Termination "SergeyKarjakin won on time"]

1. e4 e5 2. Nf3 Nc6 3. Bb5 a6 4. Ba4 Nf6 5. O-O Be7 6. d3 b5 7. Bb3 d6 8. a4 Bd7 9. Bd2 O-O 10. Nc3 Na5 11. Ba2 b4 12. Nd5 Nxd5 13. Bxd5 c6 14. Ba2 Rb8 15. d4 exd4 16. Nxd4 Bf6 17. c3 c5 18. Nf5 Bxf5 19. exf5 b3 20. Bb1 d5 21.
Bf4 Rb7 22. Bd3 c4 23. Be2 Rd7 24. Be3 d4 25. cxd4 Bxd4 26. Bxd4 Rxd4 27. Qc1 Rd2 28. Rd1 Rc2 29. Rxd8 Rxc1+ 30. Rxc1 Rxd8 31. Kf1 Kf8 32. Ke1 Ke7 33. Rc3 Rd4 34. Rg3 Kd6 35. Bh5 g6 36. fxg6 hxg6 37. Be2 Nc6 38. Rc3 Kc5 39. g3 Kb4 40. f4 Ne7 41. Re3 Nf5 42. Re8 a5 43.
Rb8+ Kxa4 44. Bf3 Rd6 45. Rc8 Kb4 46. Rb8+ Kc5 47. Rc8+ Kb5 48. Rb8+ Rb6 49. Rc8 a4 50.
Bd5 Nd6 51. Ra8 c3 0-1

[Event "*** SCC Grand Prix: Titled Tuesday Blitz"]
[Site "Chess.com"]
[Date "2020.10.13"]
[Round "8"]
[White "Roza_Idrisova"]
[Black "Ladislav1969"]
[Result "0-1"]
[WhiteElo "2180"]
[BlackElo "2374"]
[TimeControl "180+1"]
[EndTime "11:34:39 PDT"]
[Termination "Ladislav1969 won by checkmate"]

1. d4 Nf6 2. Nf3 g6 3. c4 Bg7 4.
Nc3 d5 5. cxd5 Nxd5 6. e4 Nxc3 7. bxc3 c5 8. Bb5+ Bd7 9. Bxd7+ Qxd7 10. O-O Nc6 11.
Be3 O-O 12. Rb1 cxd4 13. cxd4 Na5 14. h3 Rfc8 15. Qd3 Nc4 16. Bf4 b5 17. Rfc1 Nb6 18. Qxb5 Rxc1+ 19. Bxc1 Qxb5 20. Rxb5 Rc8 21. Be3 Rc2 22.
Ra5 Nc8 23. Rc5 Rxc5 24. dxc5 Kf8 25. Kf1 Ke8 26. Ke2 h6 27. Kd3 Kd7 28. Kc4 Kc6 29.
Nd4+ Bxd4 30. Bxd4 e6 31. Bf6 a6 32. a4 Na7 33. g4 Kd7 34. f4 Nc6 35. Bc3 Ne7 36. Bf6 Nc6 37. f5 Na5+ 38. Kb4 Nc6+ 39. Kc3 Nb8 40. h4 h5 41. gxh5 gxh5 42. Kc4 Kc6 43.
Be7 Nd7 44. fxe6 fxe6 45. Bd6 Nf6 46. Kd4 Ng4 47. Be7 Kd7 48. Bg5 Kc6 49. Be7 e5+ 50. Kc4 Ne3+ 51. Kb4 Nf1 52. Bd6 Ng3 53. Bxe5 Nxe4 54.
Bd4 Nd2 55. Ka5 Kb7 56. Kb4 Nf3 57. Be3 Kc6 58. Bf2 Ne5 59. Ka5 Kb7 60. Bg3 Nc6# 0-1

[Event "*** SCC Grand Prix: Titled Tuesday Blitz"]
[Site "Chess.com"]
[Date "2020.10.13"]
[Round "8"]
[White "alejanchess73"]
[Black "gumimis"]
[Result "0-1"]
[WhiteElo "2362"]
[BlackElo "2252"]
[TimeControl "180+1"]
[EndTime "11:34:42 PDT"]
[Termination "gumimis won by checkmate"]

1. e4 c6 2. d4 d5 3. Nc3 dxe4 4. Nxe4 Bf5 5. Ng3 Bg6 6. f4 e6 7. Nf3 h6 8. h4 Nf6 9. h5 Bh7 10. Bd3 Bxd3 11. Qxd3 c5 12. Bd2 Nc6 13. O-O-O cxd4 14. Ne5 Bc5 15. Qc4 Qd5 16. Qb5 O-O 17. Kb1 Nxe5 18.
fxe5 Qxe5 19. Rhe1 Qxg3 20. Qxc5 Rfd8 21. Bc1 Rac8 22.
Qxa7 Qxg2 23. Rd2 Qc6 24. Qa3 Ne4 25. Rde2 f5 26. Rg1 Kh7 27. Qd3 Qc4 28. Qf3 d3 29. Reg2 dxc2+ 30. Ka1 Rc7 31. Qf4 Ng5 32. Qe5 Rd1 33.
a3 Rxg1 34. Rxg1 Rd7 35. Qe3 Rd1 36. Re1 Rxe1 37. Qxe1 Qd5 38. Qe3 Qd1 39. Ka2 Ne4 40. Kb3 Qd5+ 41. Ka4 Qc4+ 42. b4 b5+ 43. Ka5 Qc7+ 44.
Qb6 Qxb6+ 45. Kxb6 e5 46. Kxb5 f4 47. a4 f3 48. a5 f2 49. Kb6 f1=Q 50. b5 Nc3 51. a6 Qxb5+ 52. Ka7 Nd5 53. Bxh6 Qb6+ 54. Ka8 Nc7# 0-1

[Event "*** SCC Grand Prix: Titled Tuesday Blitz"]
[Site "Chess.com"]
[Date "2020.10.13"]
[Round "8"]
[White "Semen16"]
[Black "Ranindu2003"]
[Result "1-0"]
[WhiteElo "2482"]
[BlackElo "2599"]
[TimeControl "180+1"]
[EndTime "11:34:43 PDT"]
[Termination "Semen16 won by checkmate"]

1. e4 e5 2. Nf3 Nc6 3. Bc4 Nf6 4.
d3 h6 5. Nc3 d6 6. a3 g5 7. Be3 Bg7 8. h3 Be6 9. Qd2 d5 10. exd5 Nxd5 11. O-O O-O 12. Rfe1 Qd7 13. Nxd5 Bxd5 14. Bxd5 Qxd5 15. Qe2 f5 16. Nh2 Kh8 17. Qf3 Qb5 18. Rab1 f4 19. Bd2 Nd4 20. Qd1 Rad8 21. Bc3 Rfe8 22. Nf3 Nf5 23. Nd2 Nh4 24. Qh5 Qc6 25.
Ne4 Kg8 26. Kh2 Rf8 27. Rbd1 Rde8 28. b3 f3 29. g3 Nf5 30. Rd2 Nd6 31. Bb2 Nf5 32. a4 a6 33. Ba3 Rf7 34. Bb2 Rd8 35. Kg1 Bf8 36. Rdd1 Bb4 37. c3 Bf8 38. d4 exd4 39.
cxd4 Re8 40. d5 Qc2 41. Nf6+ Rxf6 42. Bxf6 Rxe1+ 43. Rxe1 Qd2 44. Qg6+ Ng7 45. Qe4 h5 46. Qe5 Bc5 47. Rf1 Bxf2+ 48. Rxf2 Qc1+ 49. Rf1 Qc5+ 50. Rf2 Qc1+ 51. Kh2 Qd1 52. Bxg7 g4 53. Bh6 Kf7 54.
Qg7+ Ke8 55. Qg6+ Kd7 56. Qe6+ Kd8 57. Bg5# 1-0

[Event "*** SCC Grand Prix: Titled Tuesday Blitz"]
[Site "Chess.com"]
[Date "2020.10.13"]
[Round "8"]
[White "vanea_03"]
[Black "Heineccius"]
[Result "1/2-1/2"]
[WhiteElo "2693"]
[BlackElo "2531"]
[TimeControl "180+1"]
[EndTime "11:34:44 PDT"]
[Termination "Game drawn - insufficient material"]

1. c4 c5 2. g3 Nf6 3. Bg2 e6 4. Nf3 Nc6 5. O-O Qc7 6. Nc3 a6 7. e4 Be7 8. Re1 d6 9. d3 O-O 10. a3 Rb8 11. h3 b5 12. b3 Nd4 13. Be3 e5 14. cxb5 Nxb5 15. Nxb5 Rxb5 16. Nd2 Be6 17. Qc2 Rfb8 18. b4 d5 19. Bg5 Qd7 20. Bxf6 Bxf6 21.
exd5 Bxd5 22. Bxd5 Qxd5 23. Ne4 cxb4 24. axb4 Rxb4 25.
Rxa6 Be7 26. Ra7 Bf8 27. Qc7 R8b7 28. Rxb7 Rxb7 29. Qc4 Rd7 30. Qxd5 Rxd5 31. Rd1 h6 32. g4 f6 33. Kf1 Kf7 34. Ke2 Bc5 35. Ra1 Bd4 36.
Ra8 Rb5 37. Rc8 Rb2+ 38. Kf3 h5 39. Rc7+ Kg6 40. gxh5+ Kh6 41. Ng3 Rxf2+ 42. Ke4 Rf4+ 43. Kd5 Rf3 44. Ne4 Rxh3 45. Ke6 Rxh5 46. Nd6 Rh3 47. Nf5+ Kg5 48. Rxg7+ Kf4 49. Kxf6 Rxd3 50. Ke6 e4 51. Rf7 Kg4 52. Nd6 e3 53. Rf1 Bc3 54. Ne4 e2 55. Rg1+ Kf3 56. Ng5+ Kf2 57. Rh1 e1=Q+ 58. Rxe1 Kxe1 59.
Kf5 Rd2 60. Nf3+ Kd1 61. Nxd2 1/2-1/2

[Event "*** SCC Grand Prix: Titled Tuesday Blitz"]
[Site "Chess.com"]
[Date "2020.10.13"]
[Round "8"]
[White "IANOV0007"]
[Black "kingnb"]
[Result "1-0"]
[WhiteElo "2456"]
[BlackElo "2592"]
[TimeControl "180+1"]
[EndTime "11:34:46 PDT"]
[Termination "IANOV0007 won by resignation"]

1. Nf3 Nf6 2. g3 g6 3. b3 Bg7 4.
Bb2 O-O 5. Bg2 d6 6. d4 e5 7. dxe5 Ng4 8. c4 Nd7 9. Nc3 Ngxe5 10. O-O Re8 11. Qd2 Nxf3+ 12. Bxf3 Nf6 13. Rad1 Bh3 14. Rfe1 Qc8 15. e4 Bg4 16. Qd3 Bxf3 17.
Qxf3 Qh3 18. Re2 Rac8 19. Nb5 Ng4 20. Qg2 Qxg2+ 21. Kxg2 Bxb2 22. Rxb2 a6 23. Nc3 Ne5 24. h3 Kg7 25. Re2 Nd7 26. f4 Nf6 27. Kf3 Rcd8 28. Red2 Rc8 29. g4 h6 30. h4 h5 31. g5 Ng8 32.
Nd5 Re6 33. f5 Re5 34. f6+ Kf8 35. Nc3 Rce8 36. Rd5 R8e6 37. Rxe5 Rxe5 38. Rd5 Re6 39. Kf4 Nxf6 40. gxf6 Rxf6+ 41. Ke3 Rf1 42. e5 dxe5 43. Rxe5 Rh1 44. Re4 Rh3+ 45. Kd2 c6 46. a4 f5 47. Rd4 Ke7 48. c5 Rg3 49. b4 Ke6 50. Ne2 Rg4 51. Ke3 Ke5 52. Rxg4 fxg4 53. Nf4 Kf5 54.
Ne2 g5 55. Ng3+ Kg6 56. hxg5 Kxg5 57. Ne4+ Kf5 58. Nd6+ Ke5 59. Nxb7 h4 60. Nd8 h3 61. Kf2 Kf4 62. Nxc6 g3+ 63. Kg1 g2 64. Nd4 Kg3 65. Ne2+ Kf3 66. Nd4+ Kg3 67. Nf5+ Kf3 68. Nh4+ Kg3 69.
Nxg2 hxg2 70. c6 Kf3 71. c7 Ke4 72. c8=Q Kd5 73. Qxa6 Kd4 74. Kxg2 Kc3 75. Qb5 Kb3 76. a5 1-0

[Event "*** SCC Grand Prix: Titled Tuesday Blitz"]
[Site "Chess.com"]
[Date "2020.10.13"]
[Round "8"]
[White "Kildepiotr"]
[Black "Denis_Makhnyov"]
[Result "0-1"]
[WhiteElo "2656"]
[BlackElo "2882"]
[TimeControl "180+1"]
[EndTime "11:34:48 PDT"]
[Termination "Denis_Makhnyov won on time"]

1. Nf3 Nf6 2. g3 d5 3. Bg2 Bg4 4. O-O Nbd7 5. d3 c6 6. Nbd2 e5 7. e4 dxe4 8. dxe4 h6 9. h3 Be6 10. Qe2 Qc7 11. a4 a5 12. Nc4 Bb4 13. c3 Be7 14. Nh4 O-O 15. Nf5 Bxf5 16. exf5 Rfe8 17. Be3 Bc5 18. Rfd1 Rad8 19. Bxc5 Nxc5 20. b4 axb4 21.
cxb4 Nb3 22. Rxd8 Qxd8 23. Rd1 Nd4 24. Qb2 Qd7 25. Nxe5 Rxe5 26. Rxd4 Qxf5 27. Qd2 g5 28. a5 Kg7 29. Rd8 Rb5 30. Kh2 Qe5 31. Qd4 Qxd4 32.
Rxd4 Kf8 33. a6 bxa6 34. Bxc6 Rb6 35. Bf3 Ke7 36. Kg2 Ne8 37. h4 Nd6 38. hxg5 hxg5 39. Rd5 f6 40. Ra5 Nc4 41. Ra2 Rxb4 42. Rxa6 Rb2 43.
Ra1 f5 44. Re1+ Kf6 45. Bd5 Ne5 46. Rc1 Ng4 47. Kg1 Nxf2 48. Bg2 Ng4 49. Rc6+ Kg7 50. Rc5 Ne3 51. Bf3 g4 52. Ba8 Kf6 53. Rc3 Nc2 54. Rd3 Nb4 55. Rd6+ Ke5 56. Rb6 Rb3 57. Kg2 Rb2+ 58.
Kg1 Kd4 0-1

[Event "*** SCC Grand Prix: Titled Tuesday Blitz"]
[Site "Chess.com"]
[Date "2020.10.13"]
[Round "8"]
[White "Alindsay211"]
[Black "doons21"]
[Result "1-0"]
[WhiteElo "2442"]
[BlackElo "2557"]
[TimeControl "180+1"]
[EndTime "11:34:49 PDT"]
[Termination "Alindsay211 won on time"]

1. e4 e6 2. d4 d5 3. e5 c5 4. c3 Qb6 5. Nf3 Nc6 6. a3 c4 7.
Be2 Na5 8. Nbd2 Bd7 9. O-O Ne7 10. Re1 Nc8 11. Rb1 Qc7 12. Qc2 Nb6 13. Nf1 Ba4 14.
Qd2 Be7 15. Bd1 O-O-O 16. Bxa4 Nxa4 17. Qd1 Nb3 18. Bg5 h6 19. Bxe7 Qxe7 20. N1d2 Nxd2 21.
Nxd2 Qd7 22. Qc2 Kb8 23. b3 cxb3 24. Qxb3 Nb6 25. a4 Qxa4 26. Qb2 Rd7 27. Ra1 Qc6 28.
Reb1 Rc8 29. Qa3 a6 30. Nb3 Nc4 31. Qa2 b6 32. Qxa6 Rb7 33. h3 Kc7 34. Qa2 Rbb8 35. Qc2 Ra8 36. Qh7 Rg8 37. Qd3 Rxa1 38. Rxa1 Ra8 39. Rxa8 Qxa8 40. Nd2 Qa1+ 41. Kh2 Qd1 42. Qf3 Qxd2 43. Qxf7+ Kb8 44. Qe8+ Kb7 45. Qd7+ Ka6 46. Qxe6 Qxc3 47. Qxd5 Nd2 48. Qa2+ Kb5 49. Qd5+ Kb4 50.
Qd6+ Kc4 51. Qc6+ Kd3 52. Qxb6 Nf1+ 53. Kg1 Nd2 54. d5 Qc1+ 55. Kh2 Nf1+ 56. Kg1 Ng3+ 57. Kh2 Ne2 58. Qe3+ Qxe3 59. fxe3 Nc3 60. d6 Nd5 61. d7 1-0

[Event "*** SCC Grand Prix: Titled Tuesday Blitz"]
[Site "Chess.com"]
[Date "2020.10.13"]
[Round "8"]
[White "Ramu_K_FM_FT"]
[Black "mapleaff"]
[Result "0-1"]
[WhiteElo "2117"]
[BlackElo "2360"]
[TimeControl "180+1"]
[EndTime "11:34:49 PDT"]
[Termination "mapleaff won on time"]

1. e4 c6 2. d3 d5 3. Nd2 g6 4. Ngf3 Bg7 5. g3 Nf6 6. Bg2 O-O 7.
O-O a5 8. Re1 a4 9. a3 Na6 10.
e5 Ne8 11. d4 c5 12. c3 cxd4 13. cxd4 Bd7 14. Nb1 e6 15. Nc3 b5 16. Bg5 f6 17. exf6 Nxf6 18. Ne5 Be8 19. Bf1 Rb8 20. Nxa4 bxa4 21. Bxa6 Rxb2 22. Ng4 Qb6 23. Bc8 Ne4 24. Be3 h5 25. f3 Nc3 26. Qd3 hxg4 27. Qxc3 gxf3 28.
Rad1 f2+ 29. Bxf2 Rfxf2 30. Bxe6+ Kh7 31. Bxd5 Bf7 32. Be4 Qb3 33. Qc8 Bd5 34. Qh3+ Kg8 35. Qc8+ Rf8 36. Bxd5+ Qxd5 37. Qe6+ Qxe6 38. Rxe6 Rff2 39.
Rxg6 Rg2+ 40. Kf1 Rxh2 41. Kg1 Kf7 42. Rg4 Rbg2+ 43. Kf1 Rf2+ 44. Kg1 Rd2 45. Rxd2 Rxd2 46. d5 Rd4 47. Rg5 Bf8 48. d6 Bxd6 49. Ra5 Bxa3 50.
Kf2 Be7 51. Kf3 Rb4 52. g4 Rb3+ 53. Kf4 a3 0-1

[Event "*** SCC Grand Prix: Titled Tuesday Blitz"]
[Site "Chess.com"]
[Date "2020.10.13"]
[Round "8"]
[White "icychess54"]
[Black "catzapto"]
[Result "1-0"]
[WhiteElo "2268"]
[BlackElo "2146"]
[TimeControl "180+1"]
[EndTime "11:34:52 PDT"]
[Termination "icychess54 won by checkmate"]

1. c4 Nf6 2. Nf3 e6 3. e3 c6 4. Be2 d5 5. O-O Be7 6. Nc3 O-O 7. b3 Nbd7 8. Bb2 e5 9. d4 e4 10. Ne5 Nxe5 11. dxe5 Nd7 12. cxd5 cxd5 13. Qxd5 Qc7 14. Nxe4 Nb6 15. Qd2 Bf5 16. Ng3 Rad8 17. Qc1 Qxc1 18. Raxc1 Bg6 19. Rfd1 Bg5 20. f4 Bh4 21. Rc7 Nd5 22.
Rxb7 Nxe3 23. Rxd8 Rxd8 24. Rxa7 h6 25. Kf2 Nf5 26. Kf3 Bxg3 27. hxg3 Rd2 28. Bc3 Rc2 29. Ba1 Rc1 30. g4 Nh4+ 31. Kg3 Nxg2 32. Kxg2 Be4+ 33.
Bf3 Bxf3+ 34. Kxf3 Rxa1 35. a4 Ra3 36. Rb7 g6 37. Ke4 h5 38. gxh5 gxh5 39. Kf5 h4 40.
Kg4 f5+ 41. Kxh4 Ra1 42. Kg5 Rg1+ 43. Kxf5 Rf1 44. a5 Ra1 45. b4 Ra4 46. Ke6 Ra1 47. f5 Rd1 48. a6 Ra1 49. a7 Ra3 50. Rb8+ Kg7 51. a8=Q Rd3 52. Qb7+ Kh6 53. Rh8+ Kg5 54. Qg7+ Kf4 55. Rh4+ Ke3 56. Qg3+ Kd2 57. Rh2+ Kc3 58. Qxd3+ Kxd3 59. Rh4 Kc3 60. b5 Kb3 61. b6 Ka2 62.
b7 Ka1 63. f6 Ka2 64. Kf5 Ka1 65. e6 Ka2 66. e7 Ka1 67. f7 Ka2 68. Rh3 Kb2 69.
Rh2+ Kc1 70. Rh3 Kd1 71. Rh2 Ke1 72. b8=Q Kf1 73. e8=Q Kg1 74. Qg3+ Kf1 75. Qf3+ Kg1 76. Qe1+ Kxh2 77. Qfh1# 1-0